 Dungeon Crawl Stone Soup version 0.31-a0-1068-g5939ac1fb6 (webtiles) character file.

Game seed: 5740975040669233634

30303 Dirtsage the Zephyrmancer (level 13, -1/93 HPs)
             Began as a Demonspawn Air Elementalist on Nov 23, 2023.
             Was a High Priest of Vehumet.
             Slain by a meliai
             ... wielding a +0 hand axe
              (10 damage)
             ... in a Gauntlet on Nov 24, 2023.
             The game lasted 01:00:55 (18026 turns).

Dirtsage the Zephyrmancer (DsAE)                   Turns: 18026, Time: 01:00:55

Health: -1/93      AC: 15    Str:  8    XL:     13   Next: 19%
Magic:  11/22      EV: 13    Int: 20    God:    Vehumet [*****.]
Gold:   739        SH:  0    Dex: 22    Spells: 6/24 levels left

rFire   + . .        O - +9 staff of Olgreb {rPois∞}
rCold   . . .        (no shield)
rNeg    . . .        y - +0 acid dragon scales
rPois   ∞            Q - +1 hat {SInv}
rElec   .            (no cloak)
rCorr   +            D - +1 pair of gloves
SInv    +            c - +2 pair of boots
Will    .....        w - amulet of the acrobat
Stlth   ++           F - ring of protection from fire
HPRegen 2.35/turn    i - +6 ring of dexterity
MPRegen 0.18/turn

%: no teleportation, acrobat
@: radiating poison
A: yellow scales 1, powered by death 2, spiny 2, weakness stinger 1
a: Renounce Religion, Evoke the Staff of Olgreb


You were in a Gauntlet.
You worshipped Vehumet.
Vehumet was extremely pleased with you.
You visited 3 branches of the dungeon, and saw 15 of its levels.
You also visited: Gauntlet.

You collected 739 gold pieces.

Inventory:

Hand Weapons
 j - a +0 short sword
 u - a +1 long sword
 v - the +4 dagger of Xiyc {vamp, rCorr Dex-5 SInv}
   (You found it on level 6 of the Dungeon)

   Dex-5:     It affects your dexterity (-5).
   SInv:      It lets you see invisible.
   rCorr:     It protects you from acid and corrosion.
 L - the +4 dagger "Noutumnupo" {freeze, MP+9 Stlth+}
   (You found it on level 1 of the Lair of Beasts)

   MP+9:      It affects your magic capacity (+9).
   Stlth+:    It makes you more stealthy.
 O - the +9 staff of Olgreb (weapon) {rPois∞}
   (You acquired it on level 1 of the Lair of Beasts)

   Radiate:   It can be activated via the 'a'bility menu to radiate toxic
   energy, with effectiveness depending on Evocations skill.
   Pois:      It enhances your poison magic.
   rPois∞: It grants immunity to poison.
Missiles
 H - a curare-tipped dart
 I - 2 throwing nets
Armour
 c - a +2 pair of boots (worn)
 h - the +0 helmet of the Stained Slorg {Harm rCorr Str+2 Slay+2}
   (You found it in a Gauntlet)

   Str+2:     It affects your strength (+2).
   Slay+2:    It affects your accuracy & damage with ranged weapons and melee
   (+2).
   rCorr:     It protects you from acid and corrosion.
   Harm:      It increases damage dealt and taken.
 x - a +3 ring mail
 y - +0 acid dragon scales (worn)
 D - a +1 pair of gloves (worn)
 K - the +0 scale mail "Heotes" {rPois rF+++ Str-4 Stlth+}
   (You found it on level 4 of the Lair of Beasts)

   Str-4:     It affects your strength (-4).
   rF+++:     It renders you almost immune to fire.
   rPois:     It protects you from poison Stlth+: It makes you more stealthy.
 Q - a +1 hat of see invisible (worn)
Magical Staves
 o - a staff of earth
Jewellery
 i - a +6 ring of dexterity (right hand)
 w - an amulet of the acrobat (around neck)
 E - a ring of ice
 F - a ring of protection from fire (left hand)
 N - a ring of positive energy
Wands
 b - a wand of polymorph (7)
 s - a wand of flame (27)
 M - a wand of paralysis (4)
Scrolls
 e - 4 scrolls of enchant weapon
 f - 4 scrolls of immolation
 g - 3 scrolls of fear
 l - 2 scrolls of vulnerability
 m - 2 scrolls of poison
 p - 2 scrolls of fog
 t - a scroll of teleportation
 z - a scroll of revelation
 A - 6 scrolls of noise
 B - a scroll of blinking
 C - a scroll of brand weapon
Potions
 a - a potion of magic
 d - a potion of might
 k - 3 potions of mutation
 n - a potion of resistance
 q - 6 potions of curing
 r - a potion of enlightenment
 G - 2 potions of cancellation
 J - a potion of attraction {unknown}
 P - 2 potions of lignification


   Skills:
 + Level 6.2 Fighting
 - Level 4.0 Short Blades
 + Level 3.0 Staves
 + Level 3.8 Armour
 + Level 4.1 Dodging
 - Level 1.7 Stealth
 + Level 6.2 Spellcasting
 * Level 9.3 Conjurations
 * Level 5.2 Ice Magic
 + Level 13.3 Air Magic
 - Level 5.3 Poison Magic
 + Level 3.8 Evocations


You had 6 spell levels left.
You knew the following spells:

 Your Spells              Type           Power      Damage    Failure   Level
a - Shock                 Conj/Air       100%       1d9       1%          1
b - Static Discharge      Conj/Air       100%       3-8/arc   1%          2
c - Airstrike             Air            28%        2d(4-20)  1%          4
d - Freezing Cloud        Conj/Ice/Air   21%        6-21      3%          5
s - Swiftness             Air            56%        N/A       1%          3
x - Mephitic Cloud        Conj/Pois/Air  60%        N/A       1%          3

Your spell library contained the following spells:

 Spells                   Type           Power      Damage    Failure   Level
 Ozocubu's Refrigeration  Ice            13%        4d10      98%         7
 Magic Dart               Conj           100%       1d8       1%          1
 Poisonous Vapours        Pois/Air       100%       N/A       1%          2
 Call Imp                 Summ           12%        N/A       26%         2
 Lesser Beckoning         Tloc           12%        N/A       26%         2
 Call Canine Familiar     Summ           6%         N/A       45%         3
 Gell's Gravitas          Tloc           6%         N/A       45%         3
 Sigil of Binding         Hex            6%         N/A       45%         3
 Summon Guardian Golem    Hex/Summ       6%         N/A       45%         3
 Teleport Other           Tloc           6%         N/A       45%         3
 Dimensional Bullseye     Hex/Tloc       3%         N/A       86%         4
 Leda's Liquefaction      Hex/Erth       3%         N/A       86%         4
 Summon Hydra             Summ           3%         N/A       100%        7
 Chain Lightning          Conj/Air       25%        3d34      100%        9


Dungeon Overview and Level Annotations

Branches:
Dungeon (10/15)            Temple (1/1) D:5            Lair (4/5) D:10
  Swamp (0/4) Lair:2        Snake (0/4) Lair:3          Orc (0/2) D:10
Gauntlet (1/1)
  Slime: Lair:4-5

Altars:
Ashenzari
Cheibriados
Dithmenos
Fedhas
Gozag
Hepliaklqana
Kikubaaqudgha
Makhleb
Nemelex Xobeh
Okawaru
Qazlal
Ru
Sif Muna
Trog
Uskayaw
Vehumet
Wu Jian
Xom
Yredelemnul

Shops:
D:3 :

Annotations:
D:2 Terence
D:8 dig vault Gauntlet 13 transporters


Innate Abilities, Weirdness & Mutations

You are partially covered in yellow scales. (AC +2)
You regenerate health from kills.
You are mostly covered in sharp spines.
You have a small tail.


Message History

Something smites you! The meliai completely misses you.
The meliai stings you but does no damage.
The meliai calls upon its god to heal the meliai.
The meliai is healed somewhat.
The meliai calls upon its god to heal the meliai.
The meliai is healed somewhat.
The meliai calls upon its god to heal the meliai.
The meliai is healed somewhat.
You take 17 damage, and have 35/93 hp.
You now have 13/22 mp.
You sock the meliai! You tail-slap the meliai.
You kill the meliai!
Vehumet accepts your kill.
You feel your power returning.
The meliai looks even sicker.
The meliai hits you with a +0 hand axe. The meliai barely misses you.
The meliai calls upon its god to heal the meliai.
The meliai is healed somewhat.
The meliai calls down the wrath of its god upon you.
Something smites you!
* * * LOW HITPOINT WARNING * * *
You take 14 damage, and have 21/93 hp.
You regained 3 mp, and now have 16/22 mp.
Your toxic radiance grows in intensity.
The meliai looks even sicker.
The meliai hits you with a +0 hand axe.
* * * LOW HITPOINT WARNING * * *
The meliai stings you but does no damage.
The meliai hits you but does no damage.
The meliai stings you but does no damage.
The meliai calls upon its god to heal the meliai.
The meliai's wounds heal themselves!
You take 1 damage, and have 20/93 hp.
You now have 12/22 mp.
Your toxic radiance grows in intensity.
The meliai looks even sicker.
The meliai looks as sick as possible! x2
You kill the meliai!
Vehumet accepts your kill.
You feel your power returning.
The meliai calls down the wrath of its god upon you.
Something smites you!
* * * LOW HITPOINT WARNING * * *
The meliai hits you with a +0 hand axe!
You die...

#################################
.................................
.................................
##########.###########.##########
..?[©!..Y#.#..[.©$[.y#.#..[=©.)..
.#.....#.#.#^.......^#.#.^.#.#^^.
Y##...##Y#.#..#...#..#.#....#....
YY#####..#.#...^.....#.#.#..#.Y#.
Y.Y.©....#.#....@....#.#.#######^
..##.##..#.#...y).^..#.#Y#..#©.#.
.##Y..##.#.#..#§§§#..#.#Y^..#..^.
.#...Yp#.#.#...§§)..^#.#..^###...
....YYYYY#.#...§§§...#.#.Y.......
#################################
§≈§#©...........©...........©#...
################.#############...
........©#§≈8≈≈#.#..............#


You could see a meliai (extremely poisoned).

Vanquished Creatures
  Nessos (Lair:3)
  A hydra (Lair:3)
  2 two-headed ogres
  A death scarab (Gauntlet)
  Amaemon (Lair:2)
  A rust devil (Gauntlet)
  2 black mambas
  An orange demon (Lair:2)
  7 cane toads
  7 komodo dragons
  4 rime drakes (Lair:3)
  2 trolls (D:10)
  2 meliai (Gauntlet)
  A polar bear (Lair:2)
  Prince Ribbit (Lair:2)
  23 blink frogs
  A spectral dream sheep (Gauntlet)
  A shadow (D:10)
  A ynoxinul (Gauntlet)
  40 yaks
  6 wyverns
  2 steam dragons
  2 basilisks (Lair:2)
  6 nagas (Lair:3)
  3 acid dragons
  Duvessa (D:7)
  4 water moccasins
  2 ice beasts
  3 black bears
  A sky beast (D:7)
  7 orc warriors
  An ogre (D:10)
  14 wolves
  2 centaurs
  5 kobold brigands
  10 bullfrogs
  5 scorpions
  2 gnoll sergeants
  7 wights
  Dowan (D:7)
  5 killer bees (D:9)
  2 electric eels
  6 howler monkeys
  A vampire bat (D:10)
  5 hounds
  4 iron imps (Gauntlet)
  3 jellies
  5 orc priests
  2 gnoll boudas
  A sleepcap (D:6)
  7 orc wizards
  4 hell rats (Lair:4)
  5 adders
  15 gnolls
  2 white imps (D:7)
  4 ufetubi
  A worm (D:3)
  A dart slug (D:1)
  33 orcs
  3 ball pythons
  3 endoplasms
  2 giant cockroaches
  3 goblins
  6 hobgoblins
  2 quokkas
  13 bats
  3 frilled lizards
  16 kobolds
  3 rats
344 creatures vanquished.

Vanquished Creatures (others)
  5 dream sheep (D:4)
5 creatures vanquished.

Grand Total: 349 creatures vanquished

Notes
Turn   | Place    | Note
-------+----------+-------------------------------------------
     0 | D:1      | Dirtsage the Demonspawn Air Elementalist began the quest
                  | for the Orb.
     0 | D:1      | Reached XP level 1. HP: 13/13 MP: 3/3
   252 | D:1      | Found a faded altar of an unknown god.
   389 | D:1      | Gained mutation: You regenerate a little health from kills.
                  | [demonic ancestry]
   389 | D:1      | Reached XP level 2. HP: 19/19 MP: 1/5
   640 | D:1      | Reached skill level 3 in Air Magic
  1069 | D:1      | Learned a level 2 spell: Static Discharge
  1298 | D:2      | Reached XP level 3. HP: 24/24 MP: 4/6
  1412 | D:2      | Noticed Terence
  2060 | D:3      | Found Otseall's Vocational Training.
  2099 | D:3      | Found a sacrificial altar of Ru.
  2308 | D:3      | Gained mutation: You are partially covered in sharp spines.
                  | [demonic ancestry]
  2308 | D:3      | Reached XP level 4. HP: 30/30 MP: 3/7
  2465 | D:3      | Found a sparkling altar of Nemelex Xobeh.
  3212 | D:4      | Reached XP level 5. HP: 35/35 MP: 6/9
  3273 | D:4      | Learned a level 4 spell: Airstrike
  3472 | D:4      | Reached skill level 4 in Air Magic
  3510 | D:4      | Found a snail-covered altar of Cheibriados.
  3625 | D:4      | Noticed a dream sheep
  3625 | D:4      | Noticed a dream sheep
  3625 | D:4      | Noticed a dream sheep
  3625 | D:4      | Noticed a dream sheep
  3625 | D:4      | Noticed a dream sheep
  3625 | D:4      | Found a shimmering altar of Xom.
  3626 | D:4      | Killed a dream sheep
  3626 | D:4      | Killed a dream sheep
  3626 | D:4      | Killed a dream sheep
  3626 | D:4      | Killed a dream sheep
  3628 | D:4      | Killed a dream sheep
  4037 | D:5      | Entered Level 5 of the Dungeon
  4233 | D:5      | Reached skill level 5 in Air Magic
  4322 | D:5      | Reached XP level 6. HP: 41/41 MP: 2/10
  4388 | D:5      | Found a staircase to the Ecumenical Temple.
  4402 | Temple   | Entered the Ecumenical Temple
  4550 | D:5      | Reached skill level 6 in Air Magic
  4834 | D:5      | Reached XP level 7. HP: 20/46 MP: 1/11
  5116 | D:5      | Reached skill level 7 in Air Magic
  5615 | D:5      | Learned a level 3 spell: Swiftness
  5773 | D:6      | Identified the +4 dagger of Xiyc {vamp, rCorr Dex-5 SInv}
  5804 | D:6      | Reached skill level 8 in Air Magic
  5928 | D:6      | Gained mutation: You regenerate health from kills. [demonic
                  | ancestry]
  5928 | D:6      | Reached XP level 8. HP: 52/52 MP: 6/12
  6223 | D:6      | Reached skill level 9 in Air Magic
  6671 | D:6      | Found a radiant altar of Vehumet.
  6724 | D:6      | Became a worshipper of Vehumet
  7078 | D:7      | Noticed Duvessa
  7078 | D:7      | Noticed Dowan
  7087 | D:7      | Killed Dowan
  7088 | D:7      | Reached skill level 10 in Air Magic
  7091 | D:7      | Killed Duvessa
  7475 | D:7      | Gained mutation: You have a small tail. [demonic ancestry]
  7475 | D:7      | Reached XP level 9. HP: 49/57 MP: 0/13
  7667 | D:7      | Reached skill level 11 in Air Magic
  8156 | D:8      | Noticed a centaur warrior
  8156 | D:8      | Noticed a brown ugly thing
  8156 | D:8      | Noticed a catoblepas
  8158 | D:8      | Noticed a fire crab
  8159 | D:8      | Noticed a centaur warrior
  8159 | D:8      | a fire crab changed into a manticore
  8159 | D:8      | Noticed a manticore (shapeshifter)
  8159 | D:8      | Noticed a manticore
  8160 | D:8      | Noticed a centaur warrior
  8257 | D:8      | Noticed a death drake
  8317 | D:8      | Noticed a wind drake
  8337 | D:8      | a wind drake changed into a guardian serpent
  8337 | D:8      | Noticed a guardian serpent (shapeshifter)
  8413 | D:8      | Reached skill level 12 in Air Magic
  8528 | D:8      | Noticed a wolf spider
  8529 | D:8      | a wolf spider changed into a shock serpent
  8529 | D:8      | Noticed a shock serpent (shapeshifter)
  8740 | D:8      | Reached * piety under Vehumet
  8740 | D:8      | Offered knowledge of Kiss of Death by Vehumet.
  8745 | D:8      | Learned a level 3 spell: Mephitic Cloud
  8903 | D:8      | Gained mutation: You are partially covered in yellow
                  | scales. (AC +2) [demonic ancestry]
  8903 | D:8      | Reached XP level 10. HP: 63/63 MP: 6/14
  9011 | D:8      | Found a hide-covered altar of Uskayaw.
  9656 | D:9      | Reached skill level 1 in Poison Magic
  9668 | D:9      | Reached skill level 1 in Fighting
  9668 | D:9      | Reached skill level 1 in Short Blades
  9790 | D:9      | Noticed a two-headed ogre
  9802 | D:10     | Entered Level 10 of the Dungeon
 10590 | D:10     | Found a staircase to the Orcish Mines.
 10605 | D:10     | Offered knowledge of Foxfire by Vehumet.
 10605 | D:10     | Reached ** piety under Vehumet
 10607 | D:10     | Reached skill level 5 in Conjurations
 10838 | D:10     | Reached XP level 11. HP: 64/75 MP: 5/17
 10909 | D:10     | Found a staircase to the Lair.
 11027 | D:10     | Noticed a two-headed ogre
 11039 | D:10     | Killed a two-headed ogre
 11040 | D:10     | Reached skill level 5 in Poison Magic
 11425 | D:10     | Offered knowledge of Hailstorm by Vehumet.
 11738 | D:9      | Killed a two-headed ogre
 12067 | D:9      | Reached *** piety under Vehumet
 12472 | D:9      | Reached skill level 5 in Spellcasting
 12725 | Lair:1   | Entered Level 1 of the Lair of Beasts
 12737 | Lair:1   | Noticed a death yak
 12769 | Lair:1   | Identified 3 scrolls of acquirement
 12907 | Lair:1   | Acquired a book of Vapours
 12909 | Lair:1   | Acquired Tiwk's Elucidation of the Cumulonimbus and the
                  | Retinue
 12910 | Lair:1   | Acquired the +9 staff of Olgreb {rPois∞}
 12910 | Lair:1   | Found the +9 staff of Olgreb {rPois∞}
 12919 | Lair:1   | Learned a level 5 spell: Freezing Cloud
 13015 | Lair:1   | Offered knowledge of Inner Flame by Vehumet.
 13261 | Lair:1   | Reached skill level 1 in Ice Magic
 13272 | Lair:1   | Reached skill level 1 in Armour
 13355 | Lair:1   | Reached skill level 1 in Evocations
 13637 | Lair:1   | Reached skill level 13 in Air Magic
 13970 | Lair:2   | Reached skill level 5 in Fighting
 13970 | Lair:2   | Reached XP level 12. HP: 74/86 MP: 15/20
 14081 | Lair:1   | Reached **** piety under Vehumet
 14110 | Lair:1   | Identified the +4 dagger "Noutumnupo" {freeze, MP+9 Stlth+}
 14145 | Lair:2   | Offered knowledge of Arcjolt by Vehumet.
 14151 | Lair:2   | Reached skill level 1 in Staves
 14444 | Lair:2   | Noticed Amaemon
 14454 | Lair:2   | Killed Amaemon
 14880 | Lair:2   | Found a staircase to the Swamp.
 14939 | Lair:2   | Noticed Prince Ribbit
 14948 | Lair:2   | Killed Prince Ribbit
 15293 | Lair:3   | Noticed Nessos
 15308 | Lair:3   | Killed Nessos
 16166 | Lair:3   | Found a staircase to the Snake Pit.
 16251 | Lair:3   | Reached ***** piety under Vehumet
 16521 | Lair:3   | Offered knowledge of Ozocubu's Refrigeration by Vehumet.
 16546 | Lair:3   | Gained mutation: You are mostly covered in sharp spines.
                  | [demonic ancestry]
 16546 | Lair:3   | Reached XP level 13. HP: 93/93 MP: 22/22
 16546 | Lair:3   | Saving game... please wait.
 17222 | Lair:4   | Identified the +0 scale mail "Heotes" {rPois rF+++ Str-4
                  | Stlth+}
 17231 | Lair:4   | Reached skill level 5 in Ice Magic
 17273 | Lair:4   | Found a gate leading to a gauntlet.
 17293 | Gauntlet | Entered a Gauntlet
 17293 | Gauntlet | Found a transporter.
 17314 | Gauntlet | Found a transporter.
 17329 | Gauntlet | Found a transporter.
 17333 | Gauntlet | Noticed a dire elephant
 17334 | Gauntlet | Found a transporter.
 17349 | Gauntlet | Found a transporter.
 17368 | Gauntlet | Found a transporter.
 17380 | Gauntlet | Found a transporter.
 17392 | Gauntlet | Found a transporter.
 17392 | Gauntlet | Noticed a reaper
 17398 | Gauntlet | Found a transporter.
 17400 | Gauntlet | Found a transporter.
 17417 | Gauntlet | Found a transporter.
 17429 | Gauntlet | Found a transporter.
 17446 | Gauntlet | Found a transporter.
 17463 | Gauntlet | Found a transporter.
 17465 | Gauntlet | Found a transporter.
 17495 | Gauntlet | Found a transporter.
 17497 | Gauntlet | Found a transporter.
 17521 | Gauntlet | Found a transporter.
 17939 | Gauntlet | Identified the +0 helmet of the Stained Slorg {Harm rCorr
                  | Str+2 Slay+2}
 18026 | Gauntlet | Slain by a meliai

Illustrated notes

Levels and vault maps discovered:
D:1:      saegor_arrival_simple_c, layout_basic,
          dreamdust_ecumenical_altar_statues, kennysheep_another_room
D:2:      layout_basic, serial_rivers, chequers_serial_rivers_room_a,
          chequers_serial_rivers_large_a, chequers_serial_rivers_micro_a,
          chequers_serial_rivers_room_b, minmay_tiny_reverse_x, uniq_terence
D:3:      layout_loops_ring, mainiacjoe_overflow_surrounded_room,
          lemuel_coloured_pillars_altar, nicolae_shop_vocational
D:4:      layout_basic, mainiacjoe_overflow_alcove_2, kb_xom_exploding_sheep
D:5:      layout_basic, minmay_temple_entry_overgrown, serial_aquarium,
          aquarium_bridge_long_joined [aquarium_subvault_wall,
          aquarium_subvault_balcony, aquarium_subvault_bridge,
          aquarium_subvault_window, aquarium_subvault_bridge,
          aquarium_subvault_bridge], aquarium_bridge_square
          [aquarium_subvault_window, aquarium_subvault_wall,
          aquarium_subvault_bridge, aquarium_subvault_bridge],
          aquarium_window_1, aquarium_window_1, aquarium_window_corner,
          aquarium_window_corridor_3, aquarium_view_2c, aquarium_view_2e,
          aquarium_balcony_double_1
D:6:      layout_rooms, mainiacjoe_overflow_concentric_impassable
D:7:      layout_loops_ring, serial_glass, glass_columns_a, glass_columns_a,
          feat_on_display, due_unseen_surprise, feat_on_display,
          minmay_misc_feat_x, uniq_duvessa
D:8:      layout_basic, gammafunk_temple_overflow_elements, minivault_12
D:9:      layout_basic
D:10:     layout_loops_corners, minmay_lair_entry_grove,
          kennysheep_orc_monster_closet_entryway,
          eino_small_chamber_without_monster, roderic_batcave,
          dreamdust_gnoll_shepherd
Temple:   hellmonk_temple_of_storms
Lair:1:   layout_cellular_growth
Lair:2:   layout_cellular_growth, swamp_mist_pool,
          nicolae_quartered_pool_little, infiniplex_staircase_pool_2,
          grunt_megastairs_5, serial_bayou_shore_b, uniq_amaemon,
          uniq_prince_ribbit2
Lair:3:   layout_layer_cave, minmay_snake_entry_guardpost_medium, st_stairs_8,
          chequers_serial_rivers_small_3, chequers_serial_rivers_small_a,
          uniq_nessos
Lair:4:   layout_regular_city, gauntlet_entry_generic, lemuel_fruit_fields,
          infiniplex_staircase_pool
Gauntlet: gammafunk_gauntlet_one_two_three [gammafunk_gauntlet_arena_mazey,
          nicolae_gauntlet_arena_x, gammafunk_gauntlet_arena_spirals,
          gammafunk_gauntlet_arena_crates, gammafunk_gauntlet_arena_grid,
          gammafunk_gauntlet_arena_teeth, gammafunk_gauntlet_arena_split_x,
          gammafunk_gauntlet_arena_hedges, nicolae_gauntlet_arena_t_cross,
          gauntlet_exit_green]

Skill      XL: |  1  2  3  4  5  6  7  8  9 10 11 12 13 |
---------------+----------------------------------------+-----
Air Magic      | 3 5 6 8 10 12 13 | 13.3
Conjurations   | 2 3 5 7 9 |  9.3
Spellcasting   | 4 5 6 |  6.2
Poison Magic   | 4 5 |  5.3
Fighting       | 3 5 6 |  6.2
Short Blades   | 3 4 |  4.0
Dodging        | 2 3 4 |  4.1
Ice Magic      | 2 4 5 |  5.2
Armour         | 1 3 |  3.8
Evocations     | 1 3 |  3.8
Staves         | 2 3 |  3.0
Stealth        | |  1.7

Action                     |  1- 3 |  4- 6 |  7- 9 | 10-12 | 13-15 || total
---------------------------+-------+-------+-------+-------+-------++-------
  Melee: Unarmed           |     6 |       |       |       |       ||     6
         Short sword       |    54 |    47 |     3 |       |       ||   104
         Punch             |     1 |       |       |     5 |     3 ||     9
         Dagger            |       |       |    95 |   234 |       ||   329
         Tailslap          |       |       |    16 |    64 |     5 ||    85
         Staff             |       |       |       |    80 |    28 ||   108
  Throw: Dart              |       |       |       |     1 |       ||     1
   Cast: Shock             |    71 |    54 |    63 |    35 |     2 ||   225
         Static Discharge  |     4 |    11 |    31 |    59 |     3 ||   108
         Airstrike         |       |     1 |    25 |    47 |    13 ||    86
         Mephitic Cloud    |       |       |     1 |    11 |       ||    12
         Freezing Cloud    |       |       |       |    23 |     9 ||    32
Ability: Evoke the Staff o |       |       |       |    50 |     5 ||    55
  Evoke: Wand              |       |     2 |       |     3 |       ||     5
    Use: Potion            |     3 |       |     1 |     3 |       ||     7
         Scroll            |     2 |       |     5 |    17 |     1 ||    25
   Stab: Sleeping          |     2 |       |       |       |       ||     2
         Confused          |       |       |       |     3 |       ||     3
         Paralysed         |       |       |       |     4 |       ||     4
 Armour: Robe              |    52 |    52 |    37 |       |       ||   141
         Ring mail         |       |       |   102 |    68 |       ||   170
         Acid dragon scale |       |       |       |   213 |    40 ||   253
  Dodge: Dodged            |    49 |    30 |    84 |   218 |    32 ||   413

Table legend: (Time is in decaauts)
 A = Elapsed time spent in this place.
 B = Non-inter-level travel time spent in this place.
 C = Inter-level travel time spent in this place.
 D = Time resting spent in this place.
 E = Time spent auto-exploring this place.
 F = Levels seen in this place.
 G = Mean time per level.
                   A        B        C        D        E       F      G
               +--------+--------+--------+--------+--------+-----+--------+
         Total |  18021 |  17510 |    511 |    789 |  13908 |  16 | 1126.3 |
       Dungeon |  12648 |  12213 |    435 |    180 |  10291 |  10 | 1264.8 |
        Temple |     47 |     30 |     17 |      0 |      0 |   1 |   47.0 |
          Lair |   4592 |   4533 |     59 |    477 |   3290 |   4 | 1148.0 |
      Gauntlet |    733 |    733 |      0 |    132 |    327 |   1 |  733.0 |
               +--------+--------+--------+--------+--------+-----+--------+

Top non-repeatable levels by time:
  Lair:3: 1918 daAuts
    D:10: 1899 daAuts
     D:5: 1834 daAuts
     D:9: 1417 daAuts
     D:4: 1395 daAuts
     D:8: 1347 daAuts
  Lair:2: 1337 daAuts
     D:7: 1255 daAuts
  Lair:1: 1237 daAuts
     D:1: 1088 daAuts
     D:3: 929 daAuts
     D:6: 856 daAuts
Gauntlet: 733 daAuts
     D:2: 623 daAuts
  Lair:4: 99 daAuts
